Map: Echo LE (Void)

Players

Javert

  • Race: Zerg Zerg
  • League: Grandmaster

DedGame - Winner!

  • Race: Terran Terran
  • League: Grandmaster

VOD

Have the link to the VOD?

Description

Time

  • Played on: June 27, 2015, 8:42 p.m.
  • Length: 11:55
Show
View Real Time Build Order
Export as new Build Order

Javert Zerg 

Build Orders: Hatch First, Muta Ling Bane 

Get SALT Encoding   

  12  0:01  Drone  
  13  0:12  Overlord  
  13  0:17  Drone  
  14  0:32  Drone x2  
  16  0:49  Hatchery  
  15  0:51  Drone  
  15  0:54  Extractor  
  15  0:58  Drone  
  15  1:02  Drone  
  17  1:17  Spawning Pool  
  16  1:19  Drone  
  16  1:24  Drone  
  18  1:31  Drone  
  19  1:39  Drone  
  20  1:50  Overlord  
  20  2:07  Metabolic Boost, Queen  
  22  2:08  Queen  
  22  2:10  Zergling x2  
  22  2:12  Zergling x2  
  26  2:22  Overlord  
  26  2:24  Zergling x8  
  30  2:35  Zergling x4  
  32  2:44  Overlord  
  32  2:58  Overlord  
  30  3:22  Drone x4  
  30  3:23  Drone x2  
  33  3:30  Drone x6  
  33  3:31  Drone  
  37  3:36  Zergling x2  
  38  3:44  Zergling x2  
  39  3:50  Roach Warren, Queen  
  40  3:58  Zergling x6  
  43  4:05  Overlord x2  
  43  4:15  Drone  
  44  4:19  Extractor  
  42  4:38  Roach x5  
  46  4:40  Spore Crawler  
  49  4:48  Spore Crawler  
  46  5:00  Drone x9  
  54  5:12  Drone x3  
  56  5:16  Hatchery  
  56  5:20  Drone x3  
  56  5:21  Drone, Overlord  
  59  5:22  Lair  
  59  5:33  Overlord x2  
  59  5:34  Extractor x2  
  57  5:55  Drone x6  
  57  5:56  Drone x2  
  65  5:57  Burrow  
  64  6:11  Overlord  
  55  6:19  Overlord  
  55  6:25  Spire, Zergling x10  
  54  6:27  Baneling Nest  
  54  6:28  Overseer  
  54  6:31  Zergling x2  
  54  6:32  Zergling x4  
  59  6:39  Evolution Chamber  
  58  6:40  Drone x3  
  61  6:51  Overlord  
  61  6:52  Drone x3  
  64  6:56  Overlord x2  
  61  7:10  Centrifical Hooks  
  56  7:19  Extractor  
  56  7:20  Extractor, Zergling x2  
  56  7:21  Spine Crawler, Zergling x20  
  64  7:38  Mutalisk  
  64  7:39  Mutalisk x5  
  76  7:46  Baneling x6  
  76  7:47  Baneling x4  
  76  7:50  Mutalisk x2  
  80  8:03  Drone x5  
  78  8:13  Drone  
  78  8:14  Drone x5  
  83  8:23  Drone  
  83  8:24  Drone x2  
  86  8:31  Zergling x2  
  86  8:32  Zergling x2  
  88  8:39  Mutalisk x3  
  94  8:49  Drone x2  
  96  8:58  Mutalisk x3  
  96  8:59  Mutalisk x2  
  106  9:07  Zergling x14  
  100  9:36  Drone x7  
  100  9:37  Zerg Missile Weapons Level 1  
  101  9:42  Drone x6  
  101  9:43  Drone x4, Glial Reconstitution  
  111  9:58  Evolution Chamber  
  111  9:59  Baneling  
  110  10:00  Baneling x6  
  110  10:01  Baneling x4  
  110  10:03  Overlord  
  110  10:09  Zergling x8  
  110  10:10  Zergling x2  
  110  10:11  Extractor  
  110  10:12  Hatchery, Overlord  
  110  10:13  Hatchery  
  110  10:15  Extractor x2  
  110  10:18  Extractor  
  107  10:24  Roach x7  
  121  10:36  Infestation Pit  
  120  10:54  Roach x4  
  120  10:56  Overlord x2  
  122  11:15  Roach x11  
  122  11:16  Roach x2  
  142  11:27  Roach x4  
Show
View Real Time Build Order
Export as new Build Order

DedGame Terran - Winner!

Build Orders: Hellion Banshee, Mech 

Get SALT Encoding   

  12  0:01  SCV  
  13  0:13  SCV  
  14  0:18  Supply Depot  
  14  0:25  SCV  
  15  0:39  SCV  
  15  0:41  Barracks  
  16  0:47  Refinery  
  16  0:52  SCV  
  17  1:04  SCV  
  18  1:16  SCV  
  19  1:28  Marine  
  19  1:29  Orbital Command  
  20  1:39  Command Center  
  20  1:46  Marine  
  21  1:54  Factory  
  21  1:57  SCV  
  22  2:07  Barracks Reactor  
  22  2:08  Supply Depot  
  22  2:10  SCV  
  23  2:30  SCV  
  23  2:34  Bunker  
  24  2:42  SCV  
  25  2:51  Starport  
  25  2:53  Orbital Command  
  25  2:54  SCV  
  25  2:57  Hellion x2  
  30  2:59  Barracks Tech Lab  
  30  3:05  Refinery  
  30  3:06  SCV  
  31  3:18  SCV  
  32  3:21  Hellion x2  
  32  3:24  SCV  
  36  3:30  SCV  
  32  3:36  SCV, Marine  
  32  3:37  Banshee  
  37  3:43  Hellion  
  37  3:45  SCV  
  40  3:50  Hellion  
  40  3:54  Marine  
  40  3:55  SCV  
  44  3:57  SCV  
  45  4:03  Supply Depot  
  45  4:07  SCV  
  46  4:12  Supply Depot  
  46  4:16  Barracks Reactor, Supply Depot  
  46  4:24  Banshee  
  46  4:25  SCV  
  46  4:28  SCV  
  51  4:37  SCV  
  52  4:38  Hellion  
  52  4:39  Command Center  
  52  4:41  Hellion  
  54  4:46  SCV  
  54  4:49  SCV  
  56  4:58  SCV  
  56  5:00  Hellion  
  56  5:01  SCV  
  52  5:10  SCV  
  50  5:22  Viking  
  50  5:23  Marine x2  
  55  5:28  SCV x2  
  55  5:32  Refinery  
  55  5:33  Refinery  
  56  5:37  Factory  
  56  5:39  Hellion x2  
  56  5:40  SCV  
  56  5:41  Factory  
  61  5:43  Marine x2  
  61  5:45  SCV  
  61  5:49  Supply Depot  
  64  5:51  Supply Depot  
  64  5:52  SCV  
  64  5:53  Supply Depot  
  64  5:54  Banshee  
  68  6:05  Hellion  
  68  6:11  SCV x2, Hellion  
  71  6:23  SCV x2  
  73  6:25  Command Center  
  73  6:28  Factory Tech Lab  
  73  6:29  Factory Tech Lab  
  73  6:34  Factory  
  73  6:35  SCV x2  
  73  6:38  Factory  
  75  6:41  Raven  
  75  6:43  Orbital Command  
  77  6:47  SCV x2  
  79  6:59  SCV  
  79  7:01  Siege Tank x2  
  85  7:09  SCV x2  
  85  7:11  SCV  
  85  7:21  Factory Tech Lab x2, SCV  
  86  7:25  Hellion x2  
  86  7:27  Armory  
  86  7:28  Banshee  
  93  7:30  Armory  
  93  7:31  SCV x2  
  93  7:33  SCV  
  93  7:35  Refinery  
  96  7:38  Refinery  
  96  7:43  SCV x2  
  98  7:44  Orbital Command  
  98  7:46  SCV  
  102  7:55  SCV  
  111  7:59  Hellion  
  96  8:14  Engineering Bay  
  92  8:24  Viking  
  92  8:26  Thor x3, Hellbat x2  
  116  8:31  Supply Depot  
  116  8:35  Supply Depot  
  116  8:39  Missile Turret  
  116  8:42  Missile Turret  
  116  8:43  Missile Turret  
  116  8:44  Missile Turret  
  116  8:46  Missile Turret  
  116  8:47  Missile Turret  
  116  8:48  Missile Turret, Marine x2  
  117  8:50  Missile Turret  
  117  8:55  Missile Turret  
  117  8:57  Thor  
  122  9:03  Missile Turret  
  122  9:05  Missile Turret  
  110  9:27  Thor  
  110  9:29  SCV x3  
  110  9:30  SCV  
  109  9:40  Missile Turret  
  109  9:41  SCV  
  109  9:44  Missile Turret  
  110  9:46  SCV x2, Missile Turret  
  110  9:47  SCV  
  110  9:52  Banshee  
  116  9:55  Terran Vehicle Weapons Level 1  
  116  10:04  Siege Tank  
  116  10:06  Hellbat  
  123  10:07  Hellbat  
  123  10:08  SCV  
  124  10:18  Cyclone x2  
  130  10:26  Fusion Core  
  130  10:29  Supply Depot  
  130  10:32  Supply Depot  
  130  10:35  Raven  
  132  10:37  Missile Turret  
  132  10:38  Marine  
  132  10:39  Marine  
  132  10:40  Hellbat x2  
  138  10:44  Hi-Sec Auto Tracking  
  138  10:46  Cyclone x2  
  138  10:47  Missile Turret  
  143  11:02  Thor  
  143  11:03  Thor  
  154  11:04  Hellbat  
  154  11:05  Hellbat  
  154  11:08  Missile Turret x2  
  158  11:21  Cyclone  
  158  11:22  Factory Tech Lab  
Tags
 
Add a new tag
Caveats
  • Supply blocks, unpowered buildings, or Contaminate may cause inaccurate times.
  • Supply counts are checked every 10 seconds.